 Dungeon Crawl Stone Soup version 0.32-a0-898-g7811c86cf0 (webtiles) character file.

Game seed: 9313943521689959532

119497 ragingrage the Slicer (level 15, -2/115 HPs)
             Began as a Demigod Wanderer on Apr 4, 2024.
             Killed from afar by a bog body (32 damage)
             ... with a bolt of cold
             ... on level 2 of the Swamp.
             The game lasted 00:49:07 (30515 turns).

ragingrage the Slicer (Demigod Wanderer)           Turns: 30515, Time: 00:49:07

Health: -2/115     AC: 34    Str: 16    XL:     15   Next: 80%
Magic:  18/18      EV: 13    Int: 11    God:
Gold:   1293       SH: 22    Dex: 44    Spells: 6/14 levels left

rFire   . . .        b - +2 scimitar (holy)
rCold   . . .        O - +3 kite shield {AC+3}
rNeg    . . .        P - +9 plate armour "Novoasch" {Dex+5 SInv}
rPois   +            T - +2 helmet {SInv}
rElec   .            M - +2 cloak
rCorr   .            c - +0 pair of gloves
SInv    +            W - +0 pair of boots
Will    +....        Q - amulet of regeneration Stlth
                     K - +6 ring of dexterity
HPRegen 1.19/turn    A - ring of poison resistance
MPRegen 0.16/turn

%: no passive effects
@: slowed, very slow
A: high MP 1, forlorn, divine attributes
a: no special abilities


You were on level 2 of the Swamp.
You visited 5 branches of the dungeon, and saw 25 of its levels.
You also visited: Bailey.

You collected 2241 gold pieces.
You spent 948 gold pieces at shops.

Inventory:

Hand Weapons
 a - a +0 rapier of venom
 b - a +2 scimitar of holy wrath (weapon)
Missiles
 p - 13 poisoned darts (quivered)
 E - 22 curare-tipped darts
Armour
 c - a +0 pair of gloves (worn)
 M - a +2 cloak (worn)
 O - a +3 kite shield of protection (worn)
 P - the +9 plate armour "Novoasch" (worn) {Dex+5 SInv}
   (You found it on level 9 of the Dungeon)

   Dex+5:     It affects your dexterity (+5).
   SInv:      It lets you see invisible.
 S - the +4 scale mail of Intuition {rPois rC++}
   (You found it on level 9 of the Dungeon)

   rC++:      It greatly protects you from cold.
   rPois:     It protects you from poison.
 T - a +2 helmet of see invisible (worn)
 W - a +0 pair of boots (worn)
Jewellery
 h - a ring of flight
 q - a ring of protection from cold
 u - a ring of willpower
 A - a ring of poison resistance (right hand)
 K - a +6 ring of dexterity (left hand)
 Q - an amulet of regeneration (around neck)
Wands
 f - a wand of flame (79)
 B - a wand of mindburst (24)
 C - a wand of polymorph (5)
 F - a wand of paralysis (8)
 H - a wand of iceblast (22)
 Z - a wand of quicksilver (2)
Scrolls
 e - a scroll of brand weapon
 m - 2 scrolls of revelation
 n - 3 scrolls of immolation
 o - 3 scrolls of blinking
 s - 2 scrolls of enchant weapon
 v - 8 scrolls of noise
 w - a scroll of fog
 y - 3 scrolls of poison
 z - 3 scrolls of teleportation
 I - 2 scrolls of fear
 J - a scroll of butterflies
 N - 3 scrolls of vulnerability
 U - 8 scrolls of identify
Potions
 d - 3 potions of mutation
 g - 4 potions of enlightenment
 i - 4 potions of attraction
 j - 7 potions of curing
 k - 9 potions of heal wounds
 l - 3 potions of haste
 t - 3 potions of might
 x - 6 potions of lignification
 D - a potion of resistance
 G - 2 potions of magic
 L - 3 potions of brilliance
 R - a potion of cancellation
 V - 2 potions of invisibility
 X - a potion of ambrosia
 Y - 3 potions of berserk rage
Miscellaneous
 r - a lightning rod (3/4)


   Skills:
 - Level 6.0 Fighting
 - Level 14.0(15.4) Short Blades
 - Level 11.0(14.0) Long Blades
 - Level 1.7 Ranged Weapons
 - Level 4.0 Throwing
 + Level 7.1 Armour
 + Level 10.4 Dodging
 - Level 2.6 Stealth
 + Level 13.9 Shields
 + Level 7.9 Evocations
 - Level 2.1 Shapeshifting


You had 6 spell levels left.
You knew the following spells:

 Your Spells              Type           Power      Damage    Failure   Level
a - Mephitic Cloud        Conj/Alch/Air  0%         N/A       100%        3
b - Ozocubu's Armour      Ice            0%         N/A       100%        3
c - Blink                 Tloc           0%         N/A       100%        2

Your spell library contained the following spells:

 Spells                   Type           Power      Damage    Failure   Level
 Apportation              Tloc           0%         N/A       100%        1
 Necrotise                Necr           0%         1d4       100%        1
 Sting                    Conj/Alch      0%         1d3       100%        1
 Summon Small Mammal      Summ           0%         N/A       100%        1
 Lesser Beckoning         Tloc           0%         N/A       100%        2
 Mercury Vapours          Alch/Air       0%         N/A       100%        2
 Momentum Strike          Conj/Tloc      0%         3d8       100%        2
 Frozen Ramparts          Ice            0%         1d1       100%        3
 Fugue of the Fallen      Necr           0%         N/A       100%        3
 Hailstorm                Conj/Ice       0%         3d5       100%        3
 Passwall                 Erth           0%         N/A       100%        3
 Summon Ice Beast         Ice/Summ       0%         N/A       100%        3
 Volatile Blastmotes      Fire/Tloc      0%         2d10      100%        3
 Anguish                  Hex/Necr       0%         N/A       100%        4
 Animate Armour           Summ/Erth      0%         N/A       100%        4
 Cause Fear               Hex            0%         N/A       100%        4
 Fulminant Prism          Conj/Alch      0%         3d5       100%        4
 Iskenderun's Mystic Bla Conj/Tloc 0%             2d3        (+2d1     100%        4
 Olgreb's Toxic Radiance  Alch           0%         N/A       100%        4
 Summon Lightning Spire   Summ/Air       0%         N/A       100%        4
 Borgnjor's Vile Clutch   Necr/Erth      0%         N/A       100%        5
 Fireball                 Conj/Fire      0%         3d3       100%        5
 Freezing Cloud           Conj/Ice/Air   0%         6-21      100%        5
 Lee's Rapid Deconstruct  Erth           0%         3d4*      100%        5
 Metabolic Englaciation   Hex/Ice        0%         N/A       100%        5
 Bombard                  Conj/Erth      0%         9d1       100%        6
 Permafrost Eruption      Ice/Erth       0%         2x4d1     100%        6
 Sculpt Simulacrum        Ice/Alch       0%         N/A       100%        6
 Enfeeble                 Hex            0%         N/A       100%        7
 Manifold Assault         Tloc           0%         N/A       100%        7
 Dragon's Call            Summ           0%         N/A       100%        9


Dungeon Overview and Level Annotations

Branches:
Dungeon (15/15)            Temple (1/1) D:6            Lair (5/5) D:9
  Swamp (2/4) Lair:2       Spider (0/4) Lair:2        Slime (0/5) Lair:5
    Orc (2/2) D:10            Elf (0/3) Orc:2        Vaults (0/5) D:13
 Depths (0/4) D:15         Bailey (visited)

Shops:
D:3 *!!(   D:5 !   D:8 *   D:13 (   Orc:1 :   Orc:2 !(::

Annotations:
D:2 exclusion: downstairs
D:5 exclusion: 2 downstairs
D:8 exclusion: downstairs
D:10 2 transporters, 1 exclusion, Belgor's ghost, journeyman MiBe
Lair:1 exclusion: door
Lair:5 exclusion: oklob plant
Swamp:1 exclusion: downstairs
Orc:1 3 runed translucent doors, Vaucseu's ghost, journeyman MiFi; Yxorellae's ghost, adept MiFi


Innate Abilities, Weirdness & Mutations

You have an increased reservoir of magic. (+10% MP)
You shall have no god before yourself.
Your divine heritage dramatically boosts your attributes as you level up.


Message History

You shout for attention!
You start waiting.
Done waiting.
You see here a hydra skeleton.
You enter the shallow water.
Moving in this stuff is going to be slow.
You enter the shallow water.
Moving in this stuff is going to be slow.
The bog body casts a spell at you.
You feel yourself slow down.
You enter the shallow water.
Moving in this stuff is going to be slow.
The bog body points at you and mumbles some strange words.
You feel as though you will be slow longer.
The bog body casts a spell at you.
You feel as though you will be slow longer.
Your +0 rapier of venom stops dripping with poison.
Your +2 scimitar of holy wrath softly glows with a divine radiance!
b - a +2 scimitar of holy wrath (weapon)
The bog body casts a spell at you. The bolt of cold hits you.
Your unstable footing causes you to fumble your attack.
The bog body touches you! The bog body freezes you!!
You block the bog body's attack.
Your unstable footing causes you to fumble your attack.
You block the bog body's attack.
Your unstable footing causes you to fumble your attack.
The bog body gestures at you while chanting.
The bolt of cold hits you!!
You are too injured to fight recklessly!
The bog body touches you but does no damage.
You slash the bog body!
The bog body convulses!
The bog body touches you. The bog body freezes you!
You hit the bog body but do no damage. The bog body casts a spell at you.
The bolt of cold hits you!!
* * * LOW HITPOINT WARNING * * *
The bog body casts a spell at you. The bolt of cold hits you!!
You die...

♣♣♣.÷...♣♣♣
♣♣.....~~.~♣♣♣
♣..~.♣♣♣.<~..♣♣ ♣.♣~~♣♣
♣♣♣÷...♣♣♣♣♣♣ ♣.~~.♣
♣♣...~♣...♣♣♣♣ ♣~.~~.
♣♣÷.~..~..~.♣♣ .~~..♣ ♣
♣♣♣~~~~~~~.~..♣♣ ~.~.♣
♣♣♣.♣♣♣.~.~.~~....~..♣♣♣
§~~.
.~.....~n@.○○○~♣♣♣.~§~.♣♣
~~~. ~~..~~.~~~~~~.♣♣
♣♣♣..♣.♣♣ ~~
~♣.~~~..~~§~~.♣ ♣♣♣~.♣~
~~ ~(.~..~~..~~~.♣ ♣♣§..
.. §~§~~~~~.~♣.~.♣ ♣~♣♣
~♣ ...♣~~..~~~.~.♣♣ ♣♣~♣♣
.~ ~~~~~...~~~.§§.♣ ♣~~~♣
.~ ~~.~~~(..~~..~.♣ ♣♣.♣♣
n~ ~~~....♣..~~.~.♣
♣♣..♣♣


You could see a bog body.

Vanquished Creatures
  Jorgrun (Swamp:1)
  Agnes (D:15)
  Kirke (D:15)
  An orc warlord (Orc:2)
  2 eleionomae
  3 bunyips (Swamp:1)
  A spriggan air mage (Swamp:1)
  2 vault guards
  7 hydras
  A catoblepas (D:14)
  A death knight (D:13)
  5 alligators
  6 centaur warriors
  4 boulder beetles
  4 two-headed ogres
  6 death yaks
  A tengu warrior (D:12)
  4 orc high priests (Orc:2)
  Sonja (Orc:2)
  8 skeletal warriors
  2 skysharks
  2 arcanists (D:13)
  6 goliath frogs
  3 orc knights (Orc:2)
  A phantasmal warrior (D:13)
  3 bog bodies
  Pikel (D:9)
  2 obsidian bats (Orc:2)
  14 ugly things
  A salamander (D:15)
  4 orc sorcerers (Orc:2)
  12 elephants
  3 cyclopes
  Maurice (D:9)
  5 will-o-the-wisps
  2 manticores
  3 meliai (D:12)
  5 kobold blastminers
  A gargoyle (D:12)
  6 black mambas
  Jeremiah (D:6)
  3 unseen horrors
  20 cane toads
  A cane toad (shapeshifter) (D:15)
  2 rime drakes (Lair:1)
  A yaktaur (D:13)
  2 freezing wraiths (D:13)
  9 komodo dragons
  2 kobold demonologists (D:9)
  2 tengu conjurers
  11 trolls
  A polar bear (Lair:3)
  2 jumping spiders (Lair:2)
  6 hornets
  Grinder (D:3)
  4 tyrant leeches
  A glass eye (shapeshifter) (D:15)
  28 blink frogs
  6 slime creatures
  3 spriggans (Swamp:1)
  A water elemental (D:14)
  35 yaks
  9 wyverns
  20 humans
  3 basilisks
  2 steam dragons
  A hog (D:15)
  5 wargs
  2 redbacks (Lair:2)
  15 vampire mosquitoes
  5 swamp worms
  2 acid dragons
  7 water moccasins
  3 ice beasts
  4 laughing skulls
  51 orc warriors
  3 swamp drakes
  4 black bears
  16 ogres
  7 centaurs
  12 wolves
  8 boggarts
  A lemure (D:9)
  13 bullfrogs
  8 kobold brigands
  A gnoll sergeant (D:12)
  6 scorpions
  13 killer bees
  4 howler monkeys
  A bombardier beetle (D:5)
  3 electric eels
  3 jellies (Lair:5)
  2 gnoll boudas (D:5)
  2 hounds
  31 orc priests
  Crazy Yiuf (D:6)
  Jessica (D:3)
  Ijyb (D:2)
  2 iguanas
  A sleepcap (D:5)
  Natasha (thrice) (D:3)
  25 orc wizards
  Robin (D:2)
  16 gnolls
  8 adders
  A shadow imp (D:8)
  A white imp (D:7)
  2 ufetubi (D:5)
  A dart slug (D:1)
  2 ribbon worms
  79 orcs
  7 ball pythons
  8 bats
  6 endoplasms
  4 giant cockroaches
  14 goblins
  12 hobgoblins
  6 jackals
  3 quokkas
  7 frilled lizards
  20 kobolds
  6 rats
784 creatures vanquished.

Vanquished Creatures (others)
  3 humans (D:15)
  An orc priest (Orc:2)
  2 orc wizards
  34 foxfires (Swamp:1)
40 creatures vanquished.

Grand Total: 824 creatures vanquished

Notes
Turn   | Place    | Note
-------+----------+-------------------------------------------
     0 | D:1      | ragingrage the Demigod Wanderer began the quest for the
                  | Orb.
     0 | D:1      | ragingrage set off with the following items: a +0 rapier, a
                  | +0 sling, a +0 pair of gloves, a potion of berserk rage, a
                  | +0 leather armour.
     0 | D:1      | Reached XP level 1. HP: 14/14 MP: 3/3
   171 | D:1      | Reached skill level 4 in Short Blades
   337 | D:1      | Reached XP level 2. HP: 18/20 MP: 4/4
   782 | D:1      | Reached XP level 3. HP: 26/26 MP: 5/5
  1487 | D:2      | Reached skill level 5 in Short Blades
  1779 | D:2      | Noticed Robin
  1897 | D:1      | Reached XP level 4. HP: 23/33 MP: 6/6
  1980 | D:2      | Killed Robin
  2198 | D:3      | Noticed Ijyb
  2227 | D:2      | Killed Ijyb
  2306 | D:3      | Noticed Grinder
  2427 | D:3      | Reached skill level 6 in Short Blades
  2427 | D:3      | Reached XP level 5. HP: 38/38 MP: 7/7
  2479 | D:3      | Noticed Natasha
  2502 | D:3      | Paralysed by Grinder for 3 turns
  2512 | D:3      | Killed Grinder
  2513 | D:3      | Reached skill level 7 in Short Blades
  2513 | D:3      | Reached XP level 6. HP: 23/45 MP: 8/8
  2771 | D:3      | Killed Natasha
  2840 | D:3      | Reached skill level 1 in Fighting
  2883 | D:3      | Found Tiob's Assorted Antiques.
  2894 | D:3      | Bought a viscous orange potion for 18 gold pieces
  2894 | D:3      | Bought a scroll labelled MIYZUIDGHOB for 20 gold pieces
  2894 | D:3      | Bought a sapphire potion for 18 gold pieces
  2894 | D:3      | Bought 3 scrolls labelled ULENAMMULE for 60 gold pieces
  2896 | D:3      | Found Xufries's Antique Weapon Emporium.
  2908 | D:3      | Found Cepakh's Distillery.
  2914 | D:3      | Found Mewaceog's Distillery.
  2916 | D:3      | Bought a potion of curing for 42 gold pieces
  2922 | D:3      | Found Fereda's Magic Scroll Boutique.
  2932 | D:3      | Bought a scroll of teleportation for 30 gold pieces
  3094 | D:3      | Noticed Jessica
  3098 | D:3      | Killed Jessica
  3153 | D:3      | Noticed Natasha
  3160 | D:3      | Killed Natasha
  3253 | D:3      | Noticed Natasha
  3262 | D:3      | Killed Natasha
  3319 | D:3      | Found Fereda's Magic Scroll Boutique.
  3327 | D:3      | Found Mewaceog's Distillery.
  3330 | D:3      | Found Cepakh's Distillery.
  3344 | D:3      | Found Xufries's Antique Weapon Emporium.
  3362 | D:3      | Found Tiob's Assorted Antiques.
  3615 | D:4      | Reached XP level 7. HP: 50/56 MP: 9/9
  3863 | D:4      | Learned a level 3 spell: Mephitic Cloud
  3867 | D:4      | Learned a level 3 spell: Ozocubu's Armour
  4110 | D:5      | Entered Level 5 of the Dungeon
  4237 | D:5      | Reached skill level 8 in Short Blades
  5613 | D:5      | Reached XP level 8. HP: 50/66 MP: 10/10
  5831 | D:5      | Found Huaximiub's Distillery.
  5836 | D:5      | Bought a potion of mutation for 88 gold pieces
  5992 | D:6      | Reached skill level 9 in Short Blades
  5992 | D:6      | Reached skill level 1 in Dodging
  5993 | D:6      | Noticed Jeremiah
  6028 | D:6      | Noticed a green ugly thing
  6156 | D:6      | Killed Jeremiah
  6589 | D:6      | Reached skill level 10 in Short Blades
  7791 | D:6      | Killed a green ugly thing
  7792 | D:6      | Reached XP level 9. HP: 71/71 MP: 11/11
  7838 | D:3      | Bought a scroll of teleportation for 30 gold pieces
  8016 | D:6      | Found a staircase to the Ecumenical Temple.
  8025 | Temple   | Entered the Ecumenical Temple
  8203 | D:6      | Found a runed translucent door.
  8204 | D:6      | Noticed Crazy Yiuf
  8311 | D:6      | Killed Crazy Yiuf
  8533 | D:8      | Reached skill level 1 in Evocations
  8617 | D:9      | Noticed a kobold demonologist
  8619 | D:9      | Noticed a kobold demonologist
  8625 | D:9      | Reached skill level 11 in Short Blades
  8628 | D:9      | Noticed an orange demon
  8629 | D:9      | Noticed a rust devil
  8630 | D:9      | Killed a kobold demonologist
  8895 | D:9      | Killed a kobold demonologist
  8896 | D:9      | Reached skill level 5 in Dodging
  9449 | D:8      | Found Domaodux's Neck Hole.
  9709 | D:9      | Identified the +9 plate armour "Novoasch" {Dex+5 SInv}
  9760 | D:9      | Reached XP level 10. HP: 75/78 MP: 13/13
 10063 | D:9      | Reached skill level 12 in Short Blades
 10802 | D:9      | Found a staircase to the Lair.
 10811 | D:9      | Noticed Pikel
 10831 | D:9      | Killed Pikel
 10954 | D:9      | Noticed a two-headed ogre
 10968 | D:9      | Killed a two-headed ogre
 11053 | D:9      | Noticed Maurice
 11074 | D:9      | Killed Maurice
 11075 | D:9      | Reached skill level 5 in Evocations
 11158 | D:9      | Identified the +4 scale mail of Intuition {rPois rC++}
 11180 | D:10     | Entered Level 10 of the Dungeon
 11196 | D:10     | Found a transporter.
 11208 | D:10     | Found a transporter.
 11277 | D:10     | Found a flagged portal.
 11295 | Bailey   | Entered a bailey
 11384 | Bailey   | Reached skill level 13 in Short Blades
 11712 | D:10     | Noticed a centaur warrior
 11728 | D:10     | Noticed a cyclops
 11730 | D:10     | Noticed Belgor's ghost (journeyman MiBe)
 11730 | D:10     | Noticed a cyan ugly thing
 11938 | D:10     | Reached skill level 1 in Throwing
 11991 | D:10     | Found a staircase to the Orcish Mines.
 12005 | D:10     | Reached XP level 11. HP: 60/84 MP: 14/14
 12824 | D:11     | Noticed a boulder beetle
 12846 | D:11     | Killed a boulder beetle
 12956 | D:11     | Reached skill level 14 in Short Blades
 13181 | D:11     | Reached skill level 1 in Shapeshifting
 13653 | D:12     | Reached skill level 5 in Fighting
 13735 | D:12     | Got the Codex of the Ground
 13826 | D:12     | Noticed a tengu warrior
 13831 | D:12     | Killed a tengu warrior
 14357 | D:11     | Reached skill level 1 in Shields
 14448 | Lair:1   | Entered Level 1 of the Lair of Beasts
 14554 | Lair:1   | Reached XP level 12. HP: 90/96 MP: 15/15
 15197 | Lair:1   | Reached skill level 1 in Long Blades
 15197 | Lair:1   | Reached skill level 5 in Shields
 15214 | Lair:1   | Noticed an alligator
 15241 | Lair:1   | Killed an alligator
 15942 | Lair:1   | Noticed an alligator
 15942 | Lair:1   | Noticed an anaconda
 16248 | Lair:2   | Found a staircase to the Swamp.
 16251 | Lair:2   | Noticed an eleionoma
 16267 | Lair:2   | Killed an eleionoma
 16313 | Lair:2   | Found a hole to the Spider Nest.
 16652 | Lair:2   | Noticed an eight-headed hydra
 16667 | Lair:2   | Killed an eight-headed hydra
 16987 | Lair:3   | Reached skill level 5 in Long Blades
 17396 | Lair:3   | Reached XP level 13. HP: 102/102 MP: 16/16
 18292 | Lair:4   | Learned a level 2 spell: Blink
 19086 | Lair:5   | Entered Level 5 of the Lair of Beasts
 19741 | Lair:4   | Reached skill level 10 in Shields
 19770 | Lair:5   | Found a staircase to the Slime Pits.
 21005 | Orc:1    | Entered Level 1 of the Orcish Mines
 21096 | Orc:1    | Reached XP level 14. HP: 96/110 MP: 17/17
 21253 | Orc:2    | Entered Level 2 of the Orcish Mines
 21388 | Orc:2    | Noticed Sonja
 21397 | Orc:2    | Killed Sonja
 21745 | D:3      | Bought a scroll of identify for 20 gold pieces
 21745 | D:3      | Bought a scroll of identify for 20 gold pieces
 21745 | D:3      | Bought a scroll of immolation for 40 gold pieces
 21745 | D:3      | Bought a scroll of enchant armour for 75 gold pieces
 21745 | D:3      | Bought a scroll of identify for 20 gold pieces
 21745 | D:3      | Bought a scroll of silence for 95 gold pieces
 21759 | D:3      | Bought 2 potions of heal wounds for 140 gold pieces
 21759 | D:3      | Bought a potion of ambrosia for 112 gold pieces
 22126 | Orc:1    | Found a runed translucent gate.
 22126 | Orc:1    | Found a runed translucent gate.
 22126 | Orc:1    | Found a runed translucent gate.
 22192 | Orc:1    | Noticed Yxorellae's ghost (adept MiFi)
 22193 | Orc:1    | Noticed Vaucseu's ghost (journeyman MiFi)
 22279 | Orc:1    | You fall into a shaft and drop 1 floor!
 22427 | Orc:2    | Noticed an orc warlord
 22461 | Orc:2    | Killed an orc warlord
 22671 | Orc:2    | Reached skill level 10 in Long Blades
 22830 | Orc:2    | Paralysed by an orc sorcerer for 3 turns
 23166 | Orc:2    | Found Waehu's Book Emporium.
 23191 | Orc:2    | Found Minitig's Book Shoppe.
 23580 | Orc:2    | Found a staircase to the Elven Halls.
 23846 | Orc:2    | Found Kitideen's Weapon Shop.
 24136 | Orc:2    | Found Yrasef's Distillery.
 24201 | Orc:2    | Bought a potion of invisibility for 120 gold pieces
 24395 | Orc:1    | Found Poluh's Book Shoppe.
 25455 | D:13     | Found a gate to the Vaults.
 25532 | D:13     | Found Qoubieph's Weapon Shoppe.
 25681 | D:13     | Reached XP level 15. HP: 63/115 MP: 18/18
 26339 | D:14     | Reached skill level 5 in Armour
 27305 | D:15     | Entered Level 15 of the Dungeon
 27335 | D:15     | Noticed Kirke
 27360 | D:15     | Killed Kirke
 28205 | D:15     | Noticed Agnes
 28210 | D:15     | Killed Agnes
 28419 | D:15     | Found a staircase to the Depths.
 28876 | Swamp:1  | Entered Level 1 of the Swamp
 29079 | Swamp:1  | Reached skill level 10 in Dodging
 29198 | Swamp:1  | Noticed Jorgrun
 29211 | Swamp:1  | Killed Jorgrun
 30515 | Swamp:2  | Killed from afar by a bog body

Illustrated notes

Levels and vault maps discovered:
D:1:      co_arrival_random_square_maze, layout_basic,
          shapermc_ecumenical_altar_mp_urbaneastern
D:2:      layout_loops_cross, minmay_cupped, uniq_robin
D:3:      layout_rooms, lemuel_round_altar, serial_shops, nicolae_shop_trees,
          shop, shop_coins, nicolae_shop_waterfront, shop, uniq_grinder,
          uniq_ijyb, uniq_natasha, uniq_jessica
D:4:      layout_rooms
D:5:      layout_basic, mainiacjoe_overflow_alcove_1, serial_shops,
          kennysheep_little_box, eino_tiny_chamber, kennysheep_cluttered_room
D:6:      layout_basic, minmay_temple_entry_crystal_x, uniq_crazy_yiuf_cottage,
          uniq_jeremiah
D:7:      layout_basic, minivault_4
D:8:      layout_basic, nicolae_shop_sticking_my_neck_out
D:9:      layout_stronghold, lemuel_round_altar, jmf_multi_god_temple2,
          lair_entry_dummy, grunt_ministairs_5, st_stairs_1,
          hangedman_abyss_or_decor_passed, uniq_maurice, uniq_pikel
D:10:     layout_loops_cross, minmay_orc_entry_temple_small, nzn_ghost_randoct,
          enter_bailey_8
D:11:     layout_roguey
D:12:     layout_loops_cross
D:13:     layout_basic, grunt_vaults_entry_tiered, serial_shops, shop,
          grunt_decor_fettered, nicolae_vehumet_radiance
D:14:     layout_stronghold, serial_bayou_shore_a, serial_bayou_crossing
D:15:     hangedman_depths_entry_try_elsewhere_first, layout_basic, uniq_kirke,
          uniq_agnes
Temple:   nicolae_temple_bog_church
Lair:1:   layout_cave_pods, nicolae_lair_lakeside_cave, grunt_megastairs_2
Lair:2:   layout_roguey, alex1729_swamp_entry_worm_eleionoma,
          spider_nest_entry_a
Lair:3:   layout_loops_ring, grunt_megastairs_1, serial_bayou_shore_b
Lair:4:   layout_loops_ring, lookout_lair_type, beast_lair_carwin_3,
          infiniplex_staircase_pool
Lair:5:   minmay_lair_end_frog_pond, layout_hall_layers, slime_entry_2,
          nzn_masters_of_martial_movement
Swamp:1:  layout_basic_swamp, evilmike_swamp_ruin_house_4,
          nicolae_swamp_wisp_ring_woods, nicolae_swamp_tree_isthmus,
          uniq_jorgrun
Swamp:2:  layout_falls_marsh, evilmike_swamp_ruin_rubble_1, swamp_pool_4
Orc:1:    layout_caves, serial_shops, shop_statue, gammafunk_ghost_cemetery
Orc:2:    pubby_orc_utopia, uniq_sonja

Skill      XL: |  1  2  3  4  5  6  7  8  9 10 11 12 13 14 15 |
---------------+----------------------------------------------+-----
Short Blades   | 4 5 6 7 8 10 11 13 14 | 14.0
Fighting       | 2 4 6 |  6.0
Dodging        | 4 5 7 8 9 10 | 10.4
Evocations     | 3 5 6 7 |  7.9
Throwing       | 1 4 |  4.0
Shapeshifting  | 2 |  2.1
Shields        | 2 8 10 13 | 13.9
Long Blades    | 6 9 11 | 11.0
Armour         | 3 4 7 |  7.1
Ranged Weapons | |  1.7
Stealth        | |  2.6

Action                     |  1- 3 |  4- 6 |  7- 9 | 10-12 | 13-15 || total
---------------------------+-------+-------+-------+-------+-------++-------
  Melee: Rapier            |   167 |   114 |   340 |  1182 |  2398 ||  4201
         Scimitar          |       |       |       |       |   222 ||   222
         Unarmed           |       |       |       |       |     1 ||     1
  Throw: Dart              |       |       |     5 |    20 |    19 ||    44
  Evoke: Wand              |       |       |     3 |    11 |     9 ||    23
         Lightning rod     |       |       |       |       |    17 ||    17
    Use: Scroll            |       |     5 |    11 |     6 |    10 ||    32
         Potion            |       |     1 |     1 |     4 |     2 ||     8
   Stab: Sleeping          |     6 |     3 |     9 |       |       ||    18
         Distracted        |     1 |     1 |     1 |       |     1 ||     4
         Paralysed         |       |       |     4 |     3 |     3 ||    10
 Armour: Ring mail         |   132 |   117 |   130 |       |       ||   379
         Leather armour    |     5 |       |       |       |       ||     5
         Robe              |       |       |    44 |       |       ||    44
         Steam dragon scal |       |       |    37 |       |       ||    37
         Plate armour      |       |       |    20 |   705 |   896 ||  1621
  Dodge: Dodged            |    77 |    50 |   159 |   252 |   396 ||   934
  Block: Kite shield       |       |       |       |   342 |  1886 ||  2228

Table legend: (Time is in decaauts)
 A = Elapsed time spent in this place.
 B = Non-inter-level travel time spent in this place.
 C = Inter-level travel time spent in this place.
 D = Time resting spent in this place.
 E = Time spent auto-exploring this place.
 F = Levels seen in this place.
 G = Mean time per level.
                   A        B        C        D        E       F      G
               +--------+--------+--------+--------+--------+-----+--------+
         Total |  29186 |  26739 |   2447 |   4849 |  14779 |  26 | 1122.5 |
       Dungeon |  18413 |  16585 |   1828 |   3164 |   9626 |  15 | 1227.5 |
        Temple |      1 |      1 |      0 |      0 |      0 |   1 |    1.0 |
          Lair |   6108 |   5653 |    455 |    592 |   3493 |   5 | 1221.6 |
         Swamp |   1544 |   1493 |     51 |    745 |    235 |   2 |  772.0 |
  Orcish Mines |   2749 |   2638 |    111 |    244 |   1326 |   2 | 1374.5 |
        Bailey |    367 |    367 |      0 |    103 |     98 |   1 |  367.0 |
               +--------+--------+--------+--------+--------+-----+--------+

Top non-repeatable levels by time:
   Orc:2: 2222 daAuts
     D:5: 2069 daAuts
     D:8: 1815 daAuts
     D:9: 1670 daAuts
  Lair:1: 1468 daAuts
     D:1: 1328 daAuts
  Lair:5: 1308 daAuts
    D:14: 1291 daAuts
  Lair:4: 1271 daAuts
    D:13: 1238 daAuts
    D:15: 1227 daAuts
    D:10: 1227 daAuts
     D:3: 1152 daAuts
     D:2: 1149 daAuts
  Lair:3: 1148 daAuts
